[Event "Early Titled Tuesday Blitz | February 8 2022"]
[White "Ratnakaran, K."]
[Black "Mohammed, Dilshad"]
[WhiteFideId "5005507"]
[BlackFideId "5050421"]
[WhiteElo "2391"]
[BlackElo "2153"]
[Result "1/2-1/2"]
[Round "05"]
[TimeControl "180+1"]
[Date "2022.02.08"]
[WhiteClock "0:00:12"]
[BlackClock "0:00:06"]

1. e4 e5 2. Nf3 Nc6 3. Bb5 a6 4. Ba4 Nf6 5. Qe2 Be7 6. O-O b5 7. Bb3 d5 8. exd5 Nxd5 9. Nxe5 Nxe5 10. Qxe5 c6 11. Qxg7 Bf6 12. Qg3 Be6 13. Nc3 h5 14. Ne4 Be7 15. d4 Qd7 16. a4 h4 17. Qg7 O-O-O 18. axb5 Rhg8 19. Qh6 Rxg2+ 20. Kxg2 Bh3+ 21. Kh1 Qg4 22. Qxc6+ Nc7 23. Nc5 Bxc5 24. Rg1 Qf5 25. Rxa6 Kb8 26. dxc5 Bg2+ 27. Kxg2 Rg8+ 28. Kh1 Rxg1+ 29. Kxg1 Qg4+ 30. Kh1 Qd1+ 31. Kg2 Qg4+ 32. Kf1 Qd1+ 33. Kg2 Qg4+ 34. Kh1 Qd1+ 35. Kg2 1/2-1/2


[Site "https://www.chess.com"]

[Event "Early Titled Tuesday Blitz | February 8 2022"]
[White "Redzisz, Michal"]
[Black "Shuvalova, Polina"]
[WhiteFideId "21816107"]
[BlackFideId "24171760"]
[WhiteElo "1961"]
[BlackElo "2355"]
[Result "0-1"]
[Round "05"]
[TimeControl "180+1"]
[Date "2022.02.08"]
[WhiteClock "0:00:01"]
[BlackClock "0:00:01"]

1. Nf3 Nf6 2. b3 d5 3. Bb2 e6 4. g3 Be7 5. Bg2 c5 6. O-O O-O 7. d4 Nc6 8. Nbd2 b6 9. c4 Bb7 10. e3 Rc8 11. Qe2 Qd7 12. Rfd1 cxd4 13. Nxd4 Nxd4 14. Bxd4 dxc4 15. Bxb7 Qxb7 16. Nxc4 Rfd8 17. Rac1 h6 18. Ne5 Ba3 19. Bb2 Bxb2 20. Qxb2 Rxc1 21. Rxc1 b5 22. Nc6 Rd6 23. Qc2 b4 24. Qc5 Ne4 25. Qxb4 Qxb4 26. Nxb4 a5 27. Nc6 Rd2 28. a4 Nxf2 29. Nxa5 Nh3+ 30. Kh1 Nf2+ 31. Kg1 Nh3+ 32. Kf1 Rxh2 33. Rc8+ Kh7 34. Nc4 Ng5 35. a5 Ra2 36. b4 Ne4 37. b5 Nxg3+ 38. Ke1 h5 39. b6 h4 40. b7 Ra1+ 41. Kf2 Ne4+ 42. Kf3 Ng5+ 43. Kg2 h3+ 44. Kh2 Ra2+ 45. Kg3 Rg2+ 46. Kf4 h2 47. b8=Q e5+ 48. Kxe5 f6+ 49. Kd6 Kg6 50. Qb1+ f5 51. Rc6 Rg1 52. Ke7+ Kh5 53. Qxf5 h1=Q 54. Qg6+ Kh4 55. Ne5 Rf1 0-1


[Site "https://www.chess.com"]

[Event "Early Titled Tuesday Blitz | February 8 2022"]
[White "Roebers, Jan"]
[Black "Xie, Bryan"]
[WhiteFideId "1007815"]
[BlackFideId "30941296"]
[WhiteElo "2132"]
[BlackElo "1899"]
[Result "0-1"]
[Round "05"]
[TimeControl "180+1"]
[Date "2022.02.08"]
[WhiteClock "0:00:01"]
[BlackClock "0:00:11"]

1. e4 c5 2. d4 cxd4 3. c3 dxc3 4. Nxc3 Nc6 5. Nf3 g6 6. e5 Bg7 7. Bf4 a6 8. Bc4 b5 9. Bb3 Bb7 10. O-O Na5 11. Bd5 Rc8 12. Bxb7 Nxb7 13. Qd5 Nc5 14. Rac1 Ne6 15. Be3 Nh6 16. Qb7 Ng4 17. Bb6 Rb8 18. Bxd8 Rxb7 19. Ba5 Nxe5 20. Nxe5 Bxe5 21. Nxb5 O-O 22. Nc3 Rxb2 23. Nd5 Re8 24. a4 Ra2 25. Rc4 d6 26. f4 Bg7 27. h3 Nc5 28. Bb6 Rxa4 29. Rfc1 Rxc4 30. Rxc4 Nd7 31. Be3 e6 32. Nc7 Rc8 33. Bd2 d5 34. Rc1 Bb2 35. Rc2 Bd4+ 36. Kf1 Bb6 37. Ra2 Rxc7 38. Rxa6 Ra7 39. Rxa7 Bxa7 40. Ke2 Nb6 41. Kd3 Nc4 42. Be1 Kg7 43. g4 Kf6 44. Bh4+ Kg7 45. Be7 Bb8 46. g5 Bxf4 47. Bf6+ Kg8 48. Kd4 Be3+ 49. Kd3 h6 50. h4 hxg5 51. hxg5 Bf4 52. Kd4 Bd6 53. Bd8 Be5+ 54. Kd3 Nd6 55. Bc7 Nc4 56. Bd8 Kf8 0-1


[Site "https://www.chess.com"]

[Event "Early Titled Tuesday Blitz | February 8 2022"]
[White "Rozhkov, Viacheslav"]
[Black "Brodowski, Piotr"]
[WhiteFideId "4181484"]
[BlackFideId "1124480"]
[WhiteElo "2324"]
[BlackElo "2422"]
[Result "0-1"]
[Round "05"]
[TimeControl "180+1"]
[Date "2022.02.08"]
[WhiteClock "0:00:01"]
[BlackClock "0:00:02"]

1. e4 d6 2. d4 Nf6 3. Nc3 g6 4. Be3 Nbd7 5. Qd2 c6 6. a4 Qa5 7. Nf3 Ng4 8. Bg5 e5 9. Bc4 Bg7 10. d5 h6 11. Bh4 g5 12. Bg3 Qb4 13. Bb3 Nc5 14. O-O O-O 15. dxc6 Nxb3 16. cxb3 bxc6 17. Rfd1 Rd8 18. h3 Nf6 19. Nxe5 Bb7 20. Nc4 d5 21. exd5 cxd5 22. Ne5 Qxb3 23. Nb5 Ne4 24. Qd3 Qxd3 25. Nxd3 Nxg3 26. fxg3 a6 27. Nc3 d4 28. Ne2 Re8 29. Nc5 Bd5 30. Rd2 Bc4 31. Nxd4 Rad8 32. Rad1 Rc8 33. b4 a5 34. Nb5 axb4 35. Nd3 b3 0-1


[Site "https://www.chess.com"]

[Event "Early Titled Tuesday Blitz | February 8 2022"]
[White "Rustemov, Alexander"]
[Black "Yang, Kaiqi"]
[WhiteFideId "4119002"]
[BlackFideId "8604398"]
[WhiteElo "2825"]
[BlackElo "2373"]
[Result "1-0"]
[Round "05"]
[TimeControl "180+1"]
[Date "2022.02.08"]
[WhiteClock "0:00:08"]
[BlackClock "0:00:05"]

1. d4 Nf6 2. c4 g6 3. Nf3 Bg7 4. g3 O-O 5. Bg2 d6 6. O-O c5 7. Nc3 Nc6 8. dxc5 dxc5 9. Bf4 Nh5 10. Be3 b6 11. Qc1 Be6 12. Rd1 Qe8 13. Nd5 Rc8 14. Bh6 f6 15. Bxg7 Nxg7 16. a3 Kh8 17. Qc3 Nf5 18. e3 Nd6 19. Nd2 Bxd5 20. Bxd5 Ne5 21. f4 Nd7 22. Be6 Rc7 23. e4 Qa8 24. Re1 Qc6 25. e5 Ne8 26. Bd5 Qa4 27. b3 Qa5 28. b4 Qa6 29. Re3 Kg7 30. Rae1 cxb4 31. axb4 fxe5 32. Nf3 Nef6 33. Qd2 Nxd5 34. cxd5 Qc4 35. Nxe5 Nxe5 36. Rxe5 Rf7 37. R1e4 Qc3 38. Qxc3 Rxc3 39. Rxe7 Rd3 40. R4e5 a5 41. bxa5 bxa5 42. d6 Rxd6 43. Rxf7+ Kxf7 44. Rxa5 Rd2 45. Ra7+ Kg8 46. Re7 h5 47. Re3 Kf7 48. Rf3 Kf6 49. Rf2 Rd3 50. Kg2 Ra3 51. Re2 Kf5 52. Re5+ Kf6 53. Kf2 Rb3 54. Re3 Rb2+ 55. Re2 Rb3 56. Re3 Rb2+ 57. Re2 Rb3 58. Ra2 Rc3 59. Kg2 Rb3 60. Kh3 Rc3 61. Kh4 Rc5 62. Ra6+ Kg7 63. h3 Kf7 64. Ra7+ Kf6 65. Rb7 Ra5 66. g4 hxg4 67. hxg4 g5+ 68. fxg5+ Kg6 69. Rb6+ Kg7 70. Kh5 Rc5 71. Rb7+ Kg8 72. Kh6 Rc6+ 73. g6 Rc8 74. Rg7+ Kh8 75. Rf7 Kg8 76. Rf6 Rc1 77. g7 Rh1+ 78. Kg6 Rh6+ 79. Kf5 Kxg7 80. Rxh6 Kxh6 81. Kf6 Kh7 82. g5 Kh8 83. Kf7 Kh7 84. g6+ Kh8 85. g7+ 1-0


[Site "https://www.chess.com"]

[Event "Early Titled Tuesday Blitz | February 8 2022"]
[White "Rytenko, Vsevolod"]
[Black "Necula, Iulian"]
[WhiteFideId "14133040"]
[BlackFideId "1232380"]
[WhiteElo "2144"]
[BlackElo "1776"]
[Result "1-0"]
[Round "05"]
[TimeControl "180+1"]
[Date "2022.02.08"]
[WhiteClock "0:00:28"]
[BlackClock "0:00:02"]

1. d4 d6 2. c4 f5 3. e4 fxe4 4. Nc3 Nf6 5. Bg5 Bf5 6. Nge2 h6 7. Bxf6 exf6 8. Ng3 Bg6 9. Ngxe4 Qe7 10. Qg4 Bxe4 11. Nxe4 Nc6 12. Qg6+ Qf7 13. Qxf7+ Kxf7 14. O-O-O f5 15. Nc3 a6 16. g3 Ne7 17. c5 d5 18. Bg2 c6 19. Rhe1 g5 20. Kc2 Ng6 21. Kd3 Bg7 22. Nxd5 cxd5 23. Bxd5+ Kf6 24. Re6+ Kf7 25. Rxa6+ Ke7 26. Rxg6 Rh7 27. Bxb7 Rd8 28. Kc4 Bf6 29. d5 Kf7 30. Rxf6+ Kxf6 31. c6 Rd6 32. Kc5 Rd8 33. d6 Ke6 34. c7 Rhh8 35. Re1+ Kd7 36. Re7# 1-0


[Site "https://www.chess.com"]

[Event "Early Titled Tuesday Blitz | February 8 2022"]
[White "Sahil, Tickoo"]
[Black "Odegov, Artem"]
[WhiteFideId "5019710"]
[BlackFideId "34183644"]
[WhiteElo "2099"]
[BlackElo "2277"]
[Result "1-0"]
[Round "05"]
[TimeControl "180+1"]
[Date "2022.02.08"]
[WhiteClock "0:00:14"]
[BlackClock "0:00:03"]

1. d4 Nf6 2. Bf4 g6 3. e3 Bg7 4. h4 h5 5. Nf3 O-O 6. Nbd2 d6 7. Be2 Nbd7 8. c3 e6 9. Bg5 c6 10. Rb1 Qc7 11. O-O e5 12. dxe5 dxe5 13. Nc4 Nd5 14. e4 Nf4 15. Bxf4 exf4 16. Qd6 Qxd6 17. Nxd6 Nc5 18. e5 Bg4 19. Rfe1 Bxf3 20. Bxf3 Nd3 21. Red1 Nxe5 22. Nxb7 Rab8 23. Nc5 Rb5 24. Nd7 Nxf3+ 25. gxf3 Rc8 26. Rd3 Rc7 27. b3 Rd5 28. Rxd5 cxd5 29. Nb8 Rxc3 30. Rd1 d4 31. Rd2 d3 32. Kg2 Bd4 33. Nd7 Be3 34. Rd1 d2 35. fxe3 fxe3 36. Kf1 Kg7 37. Ke2 Rc2 38. Ne5 Rxa2 39. Kxe3 Ra3 40. Rxd2 Rxb3+ 41. Kf2 Rb4 42. Rd7 Rf4 43. Kg3 Rf5 44. Nd3 a5 45. Ra7 Rb5 46. Kf2 Kf6 47. Ke3 Kg7 48. Ra6 Kh6 49. f4 f5 50. Ne5 Kg7 51. Rxg6+ Kf8 52. Ra6 Rb3+ 53. Kd4 Rb4+ 54. Kd5 Rxf4 55. Ke6 Re4 56. Rxa5 f4 57. Kf6 Kg8 58. Ra8+ Kh7 59. Ra7+ Kh6 60. Kf5 Re1 61. Kxf4 Rf1+ 62. Nf3 Rf2 63. Ra6+ Kg7 64. Ke3 Rf1 65. Kf4 Rf2 66. Ra5 Kh6 67. Rg5 Rf1 68. Ke3 Ra1 69. Ne5 Ra3+ 70. Kd4 Ra4+ 71. Nc4 Ra1 72. Re5 Rh1 73. Re4 Rg1 74. Ne5 Rd1+ 75. Ke3 Rg1 76. Nf3 Rg4 77. Re6+ Kg7 78. Re5 Kh6 79. Rg5 Ra4 80. Kf2 Ra3 81. Rf5 Ra4 82. Rd5 Rg4 83. Rd6+ Kg7 84. Ke3 Kh7 85. Rd7+ Kh6 86. Rc7 Rg3 87. Rf7 Rg4 88. Rf4 Rg2 89. Re4 Ra2 90. Kf4 Ra5 91. Re5 Ra4+ 92. Kf5 Ra3 93. Re6+ Kg7 94. Ng5 Ra5+ 95. Re5 Ra1 96. Re7+ Kf8 97. Rf7+ Ke8 98. Kg6 Rh1 99. Kxh5 Rf1 100. Rxf1 1-0


[Site "https://www.chess.com"]

[Event "Early Titled Tuesday Blitz | February 8 2022"]
[White "Samaganova, Aleksandra"]
[Black "Derraugh, Geordie"]
[WhiteFideId "13800221"]
[BlackFideId "2603950"]
[WhiteElo "1859"]
[BlackElo "2116"]
[Result "0-1"]
[Round "05"]
[TimeControl "180+1"]
[Date "2022.02.08"]
[WhiteClock "0:00:01"]
[BlackClock "0:00:55"]

1. c4 Nf6 2. Nc3 d5 3. cxd5 Nxd5 4. Nf3 g6 5. d4 Bg7 6. e3 O-O 7. Be2 c5 8. O-O Nc6 9. a3 Bg4 10. Nxd5 Qxd5 11. dxc5 Qxc5 12. h3 Be6 13. b4 Qb6 14. Rb1 Ba2 15. Bb2 Bxb1 16. Qxb1 e5 17. b5 e4 18. Bxg7 exf3 19. Bxf3 Kxg7 20. Qa1+ f6 21. bxc6 bxc6 22. Rb1 Qa6 23. Qc3 Rac8 24. Rb4 c5 25. Rb7+ Rf7 26. Rxf7+ Kxf7 27. Bd5+ Kg7 28. Bc4 Qd6 29. g4 Rd8 30. Kg2 Qc6+ 31. Kg3 Qe4 32. Be2 Qe5+ 33. Qxe5 fxe5 34. Bb5 Rd2 35. Kf3 Kf6 36. a4 h6 37. Kg3 e4 38. h4 Ke5 39. Be8 g5 40. hxg5 hxg5 41. f3 exf3 42. Kxf3 c4 43. e4 Rd3+ 44. Ke2 Rg3 45. Bd7 Kxe4 46. Bf5+ Kd4 47. Kd2 c3+ 48. Kc2 Rg2+ 49. Kc1 Ra2 50. a5 Rxa5 51. Kc2 Ra2+ 52. Kc1 c2 53. Bg6 Kc3 0-1


[Site "https://www.chess.com"]

[Event "Early Titled Tuesday Blitz | February 8 2022"]
[White "Samarth, J Rao"]
[Black "Carre, Sylvain"]
[WhiteFideId "46652370"]
[BlackFideId "642118"]
[WhiteElo "1514"]
[BlackElo "2105"]
[Result "0-1"]
[Round "05"]
[TimeControl "180+1"]
[Date "2022.02.08"]
[WhiteClock "0:00:05"]
[BlackClock "0:00:12"]

1. e4 g6 2. d4 d5 3. exd5 Qxd5 4. c4 Qd8 5. Nc3 Bg7 6. Be3 Nh6 7. Nf3 Nf5 8. Be2 O-O 9. O-O Nc6 10. d5 Nxe3 11. fxe3 Ne5 12. Rc1 a6 13. b4 f5 14. Nd4 Bd7 15. Qb3 Kh8 16. a4 Bh6 17. Nc2 e6 18. Rfd1 Qh4 19. g3 Qh3 20. Bf1 Qh5 21. Be2 Ng4 22. Bxg4 fxg4 23. dxe6 Rf2 24. Kxf2 Qxh2+ 25. Ke1 Qxg3+ 26. Kd2 Bxe6 27. Ne2 Qh2 28. Rh1 Rd8+ 29. Nd4 Rxd4+ 30. Kc3 Qxe2 31. Kxd4 Bg7+ 32. Kc5 b6+ 33. Kc6 Qf3+ 34. Kxc7 Qf7+ 35. Kxb6 Bc8 36. Qd3 Qb7+ 37. Kc5 Qc7+ 38. Kd5 Qd7+ 39. Ke4 Bb7+ 40. Kf4 Qxd3 41. Rhd1 Qf5+ 42. Kg3 Qf3+ 43. Kh2 Qg2# 0-1


[Site "https://www.chess.com"]

[Event "Early Titled Tuesday Blitz | February 8 2022"]
[White "San, Thit Lwin"]
[Black "Kukula, Pawel"]
[WhiteFideId "13001272"]
[BlackFideId "1115081"]
[WhiteElo "2232"]
[BlackElo "2203"]
[Result "1-0"]
[Round "05"]
[TimeControl "180+1"]
[Date "2022.02.08"]
[WhiteClock "0:01:16"]
[BlackClock "0:00:52"]

1. Nf3 Nf6 2. c4 g6 3. Nc3 Bg7 4. e4 d6 5. d4 O-O 6. Be2 e5 7. O-O Nc6 8. d5 Ne7 9. b4 a5 10. Ba3 axb4 11. Bxb4 Nh5 12. Re1 f5 13. Nd2 Nf4 14. Bf1 c5 15. dxc6 Nxc6 16. a3 Nd4 17. Nb5 fxe4 18. Nxd6 Nd3 19. Bxd3 exd3 20. Nxc8 Ne2+ 21. Rxe2 dxe2 22. Qxe2 Rxc8 23. Bxf8 Qxf8 24. Ne4 Rd8 25. c5 Rd4 26. Rb1 Qf4 27. f3 Bf8 28. g3 Qf7 29. Kg2 Qd5 30. Nf6+ 1-0


[Site "https://www.chess.com"]

[Event "Early Titled Tuesday Blitz | February 8 2022"]
[White "Sarana, Alexey"]
[Black "Weetik, Vjacheslav"]
[WhiteFideId "24133795"]
[BlackFideId "4153472"]
[WhiteElo "2665"]
[BlackElo "2469"]
[Result "1-0"]
[Round "05"]
[TimeControl "180+1"]
[Date "2022.02.08"]
[WhiteClock "0:00:30"]
[BlackClock "0:00:01"]

1. d4 Nf6 2. c4 g6 3. Nc3 Bg7 4. e4 d6 5. Be2 O-O 6. Be3 Na6 7. Nf3 e5 8. d5 Ng4 9. Bg5 f6 10. Bh4 Nh6 11. Nd2 Qe8 12. g4 f5 13. gxf5 gxf5 14. Rg1 Kh8 15. Bh5 Qd7 16. Qe2 Nc5 17. O-O-O a5 18. Rg2 f4 19. Rdg1 Bf6 20. Bxf6+ Rxf6 21. Nf3 Qe7 22. Ng5 Bd7 23. f3 a4 24. Kb1 Rg8 25. Qf2 Rg7 26. Qh4 Qf8 27. h3 Ng8 28. Nxh7 Rxg2 29. Rxg2 Qh6 30. Rxg8+ Kxg8 31. Nxf6+ 1-0


[Site "https://www.chess.com"]

[Event "Early Titled Tuesday Blitz | February 8 2022"]
[White "Saravana, Krishnan P."]
[Black "Vokhidov, Shamsiddin"]
[WhiteFideId "5018382"]
[BlackFideId "14204223"]
[WhiteElo "2210"]
[BlackElo "2611"]
[Result "1/2-1/2"]
[Round "05"]
[TimeControl "180+1"]
[Date "2022.02.08"]
[WhiteClock "0:00:05"]
[BlackClock "0:00:11"]

1. d4 Nf6 2. c4 e6 3. Nf3 d5 4. Nc3 Bb4 5. Qa4+ Nc6 6. Bg5 h6 7. Bxf6 Qxf6 8. e3 O-O 9. Be2 dxc4 10. O-O Bd7 11. Bxc4 Bxc3 12. bxc3 Rfd8 13. Qc2 Na5 14. Bd3 c5 15. Rab1 Rac8 16. Qe2 Be8 17. Ne5 Nc6 18. f4 cxd4 19. cxd4 b6 20. Rbc1 Qe7 21. Qf3 Nb4 22. Bb1 Bb5 23. Rfe1 Nd5 24. f5 Rxc1 25. Rxc1 exf5 26. Qxf5 g6 27. Qf3 Be8 28. Be4 Nf6 29. Bd3 Kg7 30. Rf1 Rc8 31. Qe2 Rc3 32. Qb2 Qa3 33. Qf2 Qe7 34. Bc2 Bb5 35. Re1 Nd7 36. Qd2 Rc7 37. Nf3 Rc8 38. e4 Qa3 39. Bb3 Bc4 40. Bxc4 Rxc4 41. e5 Qe7 42. d5 Nc5 43. d6 Qe6 44. Kh1 b5 45. Rd1 Nd7 46. Qe3 Rc5 47. h3 a5 48. Qd4 b4 49. Kh2 Qc4 50. e6+ Qxd4 51. Nxd4 Nf6 52. d7 Rd5 53. e7 Rxd7 54. Ne6+ fxe6 55. Rxd7 Kf7 56. Ra7 Nd5 57. e8=Q+ Kxe8 58. Rxa5 Ke7 59. Ra7+ Kf6 60. Kg1 h5 61. Kf2 h4 62. Kf3 Kf5 63. Ra5 g5 64. Ra7 Kf6 65. Ra6 Kf5 66. Ra5 Kf6 67. a3 bxa3 68. Rxa3 Kf5 69. Ra5 Kf6 70. Ra8 Kf5 71. Rf8+ Nf6 72. Ke3 Ke5 73. Rf7 Kf5 74. Rg7 Nh5 75. Rf7+ Nf6 76. Kf3 Ke5 77. Rf8 Kf5 78. Ra8 Nd5 79. Ra5 Kf6 80. Kg4 Kg6 81. Rc5 Nf6+ 82. Kf3 Nd5 83. Ke4 Nf4 84. Rc2 Kf6 85. Rf2 e5 86. Ra2 Kg6 87. Ra6+ Kh5 88. Kf3 e4+ 89. Kxe4 Nxg2 90. Ra8 Nf4 91. Kf5 Kh6 92. Rh8+ Kg7 93. Ra8 Nxh3 94. Kg4 Nf2+ 95. Kxg5 h3 96. Ra7+ Kf8 97. Kf6 Kg8 98. Rg7+ Kf8 99. Rh7 Kg8 100. Rg7+ Kf8 101. Rb7 Ke8 102. Rb8+ Kd7 103. Rh8 h2 104. Rxh2 Ng4+ 105. Kf5 Nxh2 1/2-1/2


[Site "https://www.chess.com"]

[Event "Early Titled Tuesday Blitz | February 8 2022"]
[White "Sarkar, Justin"]
[Black "Cramling Bellon, Anna"]
[WhiteFideId "2010011"]
[BlackFideId "32009232"]
[WhiteElo "2038"]
[BlackElo "1905"]
[Result "1-0"]
[Round "05"]
[TimeControl "180+1"]
[Date "2022.02.08"]
[WhiteClock "0:00:23"]
[BlackClock "0:00:01"]

1. d4 Nf6 2. c4 e6 3. Nc3 d5 4. Nf3 Be7 5. e3 c6 6. Bd3 O-O 7. O-O dxc4 8. Bxc4 b5 9. Bd3 Bb7 10. Qe2 Nbd7 11. e4 a6 12. e5 Nd5 13. Qe4 g6 14. Bh6 Re8 15. Nxd5 cxd5 16. Qg4 Rc8 17. h4 Bf8 18. Bxf8 Nxf8 19. h5 f5 20. exf6 Qxf6 21. hxg6 Nxg6 22. Ne5 Kg7 23. f4 Rg8 24. f5 exf5 25. Rxf5 Qb6 26. Rf7+ Kh8 27. Bxg6 Rxg6 28. Nxg6+ Qxg6 29. Qxg6 hxg6 30. Rxb7 Rc2 31. b3 Rd2 32. Rb6 Rxd4 33. Rxg6 a5 34. Ra6 a4 35. Ra5 Rb4 36. bxa4 bxa4 37. Rxd5 a3 38. Rd7 Rb2 39. Rc1 Rxa2 40. Rc8# 1-0


[Site "https://www.chess.com"]

[Event "Early Titled Tuesday Blitz | February 8 2022"]
[White "Seo, Jung Min"]
[Black "Narayanan.S.L"]
[WhiteFideId "1734687"]
[BlackFideId "5058422"]
[WhiteElo "2401"]
[BlackElo "2494"]
[Result "1-0"]
[Round "05"]
[TimeControl "180+1"]
[Date "2022.02.08"]
[WhiteClock "0:00:53"]
[BlackClock "0:00:42"]

1. d4 d5 2. c4 c6 3. cxd5 cxd5 4. Nc3 e5 5. dxe5 d4 6. Ne4 Nc6 7. Nf3 Bf5 8. Ng3 Bg6 9. a3 f6 10. exf6 Nxf6 11. e3 Bc5 12. exd4 Nxd4 13. Nxd4 Qxd4 14. Bb5+ Kf8 15. Qxd4 Bxd4 16. O-O Rd8 17. Ne2 Be5 18. Nc3 h5 19. Be3 a6 20. Bc4 Bf7 21. Be2 Bb3 22. h3 Kf7 23. Rac1 Rd7 24. Rfe1 Rhd8 25. Bf3 Bb8 26. Bg5 Kg6 27. h4 Ba7 28. Ne4 Bd4 29. Nc5 Bxc5 30. Rxc5 Bd1 31. Bxf6 gxf6 32. Be4+ Kg7 33. Bf5 Rd5 34. Rxd5 Rxd5 35. Be4 Rd7 36. Bxb7 Rxb7 37. Rxd1 Rxb2 38. Rd6 a5 39. Rd5 a4 40. Rd4 Rb1+ 41. Kh2 Ra1 42. Rxa4 Kg6 43. f3 Ra2 44. Ra5 f5 45. Kg3 Kf6 46. Kf4 Rxg2 47. Rxf5+ Ke6 48. Rxh5 Ra2 49. Ra5 Kf6 50. Ra6+ Kg7 51. a4 Kh7 52. a5 Ra3 53. Kg4 Ra1 54. Ra7+ Kh6 55. a6 Ra4+ 56. f4 Ra5 57. Ra8 Kh7 58. a7 Kg7 59. f5 Ra6 60. f6+ 1-0


[Site "https://www.chess.com"]

[Event "Early Titled Tuesday Blitz | February 8 2022"]
[White "Sharapov, Evgeny"]
[Black "Moroni, Luca Jr"]
[WhiteFideId "14103133"]
[BlackFideId "865834"]
[WhiteElo "2367"]
[BlackElo "2573"]
[Result "0-1"]
[Round "05"]
[TimeControl "180+1"]
[Date "2022.02.08"]
[WhiteClock "0:00:19"]
[BlackClock "0:00:22"]

1. e4 g6 2. d4 Bg7 3. Nc3 d6 4. f4 Nf6 5. Nf3 O-O 6. Bd3 Nc6 7. e5 dxe5 8. fxe5 Nd5 9. Nxd5 Qxd5 10. c3 f6 11. Qe2 Kh8 12. exf6 exf6 13. O-O Bd7 14. Bf4 Rae8 15. Qf2 Rc8 16. Rfe1 Bf5 17. Bxf5 Qxf5 18. Bg3 Qd7 19. Re2 Rfe8 20. Rae1 Rxe2 21. Qxe2 Kg8 22. Qe6+ Qxe6 23. Rxe6 Kf7 24. Re2 Ne7 25. Bf4 Nd5 26. Bd2 Bf8 27. Kf2 c6 28. a3 Bd6 29. c4 Nf4 30. Bxf4 Bxf4 31. g3 Bc7 32. Ke3 h5 33. Kd3 g5 34. d5 Rd8 35. Nd4 cxd5 36. c5 Be5 37. b4 h4 38. Nf3 hxg3 39. Nxe5+ fxe5 40. hxg3 Ke6 41. Rh2 Rd7 42. g4 Rf7 43. Rh6+ Rf6 44. Rh7 Rf3+ 45. Ke2 Rxa3 46. Rxb7 d4 47. c6 e4 48. Rd7 Ra2+ 49. Ke1 d3 50. b5 Ke5 51. Rd8 Rc2 52. Rd7 Kf4 53. Rxa7 e3 54. Kf1 Kg3 55. Ra1 Kf3 56. b6 e2+ 57. Kg1 d2 58. b7 e1=Q+ 0-1


[Site "https://www.chess.com"]

[Event "Early Titled Tuesday Blitz | February 8 2022"]
[White "Shevchenko, Kirill"]
[Black "Kosteniuk, Alexandra"]
[WhiteFideId "14129574"]
[BlackFideId "4128125"]
[WhiteElo "2624"]
[BlackElo "2469"]
[Result "1-0"]
[Round "05"]
[TimeControl "180+1"]
[Date "2022.02.08"]
[WhiteClock "0:00:41"]
[BlackClock "0:00:12"]

1. e4 e5 2. Nf3 Nc6 3. Bb5 a6 4. Ba4 Nf6 5. Nc3 b5 6. Bb3 Bc5 7. Nd5 Bb7 8. d3 h6 9. a4 d6 10. axb5 axb5 11. Rxa8 Bxa8 12. Nxf6+ Qxf6 13. c3 Bb6 14. Bd5 O-O 15. g4 Ne7 16. g5 Qg6 17. Nh4 Qh7 18. Bxa8 Rxa8 19. gxh6 gxh6 20. Rg1+ Kh8 21. Qf3 Ng8 22. Nf5 Ra1 23. Ke2 d5 24. exd5 Bc5 25. Rg7 Qxg7 26. Nxg7 Kxg7 27. Be3 Bd6 28. Qg4+ Kh7 29. Qd7 Kg7 30. Qxb5 Rh1 31. Bc5 Rxh2 32. Bxd6 1-0


[Site "https://www.chess.com"]

[Event "Early Titled Tuesday Blitz | February 8 2022"]
[White "Shevtchenko, Olesya"]
[Black "Di Nicolantonio, Lucas"]
[WhiteFideId "24131890"]
[BlackFideId "680460"]
[WhiteElo "2003"]
[BlackElo "2381"]
[Result "0-1"]
[Round "05"]
[TimeControl "180+1"]
[Date "2022.02.08"]
[WhiteClock "0:00:05"]
[BlackClock "0:00:09"]

1. e4 g6 2. d4 Bg7 3. Nf3 d6 4. Bc4 a6 5. Bb3 e6 6. O-O Ne7 7. Re1 b6 8. Nbd2 Bb7 9. Nf1 O-O 10. Ng3 h6 11. c3 c5 12. h4 Nbc6 13. Be3 Na5 14. Bc2 Qc7 15. b3 Rac8 16. Rc1 f5 17. Qd2 Kh7 18. h5 g5 19. Bxg5 hxg5 20. Nxg5+ Kh8 21. Nxe6 Qd7 22. exf5 Rf6 23. h6 Bxh6 24. f4 Rg8 25. Qf2 Nxf5 26. Ng5 Nxg3 27. Qxg3 Qg7 28. Qh4 Rxf4 29. Qxf4 Bxg5 30. Qh2+ Qh6 31. Qxh6+ Bxh6 32. Be4 Bxe4 33. Rxe4 Bxc1 0-1


[Site "https://www.chess.com"]

[Event "Early Titled Tuesday Blitz | February 8 2022"]
[White "Shimanov, Aleksandr"]
[Black "Viani Antonio Dcunha"]
[WhiteFideId "4198603"]
[BlackFideId "5027330"]
[WhiteElo "2636"]
[BlackElo "2366"]
[Result "1-0"]
[Round "05"]
[TimeControl "180+1"]
[Date "2022.02.08"]
[WhiteClock "0:00:12"]
[BlackClock "0:00:15"]

1. b3 e5 2. Bb2 Nc6 3. c4 Nf6 4. Nf3 d6 5. e3 g6 6. d4 e4 7. d5 exf3 8. dxc6 fxg2 9. Bxg2 b6 10. Nc3 Bg7 11. Nd5 O-O 12. Qd4 Nh5 13. Qd2 Be6 14. Bxg7 Kxg7 15. Qd4+ Kg8 16. O-O-O Bxd5 17. Bxd5 Qf6 18. Rhf1 a5 19. Kc2 a4 20. b4 a3 21. Qxf6 Nxf6 22. Kb3 Rfe8 23. Rd4 Re5 24. Rfd1 Rf5 25. R1d2 Kg7 26. Re2 h5 27. Rf4 Rxf4 28. exf4 Nxd5 29. cxd5 Kf6 30. Kc4 h4 31. Re3 Ra7 32. Kd4 Kf5 33. Re7 f6 34. Ke3 Ra4 35. Rxc7 Rxb4 36. Rd7 Re4+ 37. Kd3 Re1 38. Rxd6 Ra1 39. c7 Rd1+ 40. Kc2 1-0


[Site "https://www.chess.com"]

[Event "Early Titled Tuesday Blitz | February 8 2022"]
[White "Shkapenko, Pavel"]
[Black "Zanette, Edgard Vinicius"]
[WhiteFideId "4151933"]
[BlackFideId "2109263"]
[WhiteElo "2386"]
[BlackElo "2182"]
[Result "1-0"]
[Round "05"]
[TimeControl "180+1"]
[Date "2022.02.08"]
[WhiteClock "0:01:03"]
[BlackClock "0:00:11"]

1. e4 e5 2. Nf3 Nc6 3. Bc4 Bc5 4. c3 Nf6 5. d4 exd4 6. b4 Bb6 7. e5 Ne4 8. Bd5 Nxc3 9. Nxc3 dxc3 10. Bg5 Ne7 11. O-O O-O 12. Bb3 d5 13. exd6 cxd6 14. Qd3 Bf5 15. Qxc3 Qd7 16. Rad1 h6 17. Bh4 Be6 18. Bc2 Nf5 19. Qd3 g6 20. Bf6 Bd8 21. Ba1 Rc8 22. Rfe1 Bc4 23. Qd2 Be6 24. Bxf5 Bxf5 25. Qxh6 f6 26. Nh4 Qh7 27. Qxh7+ Kxh7 28. Nxf5 gxf5 29. Rxd6 Bb6 30. Bd4 Bxd4 31. Rxd4 Rf7 32. g3 Rc2 33. a4 Ra2 34. a5 Rc7 35. Rf4 Kg6 36. Rd1 Rb2 37. Rd5 Rc1+ 38. Kg2 Rcb1 39. Rdxf5 Rxb4 40. Rxf6+ Kg7 41. Rf7+ Kg6 42. R4f6+ Kg5 43. h4+ Kh5 44. Rg7 1-0


[Site "https://www.chess.com"]

[Event "Early Titled Tuesday Blitz | February 8 2022"]
[White "Shton, Roman"]
[Black "Winkels, Marcel"]
[WhiteFideId "14137461"]
[BlackFideId "1003887"]
[WhiteElo "2038"]
[BlackElo "1900"]
[Result "1-0"]
[Round "05"]
[TimeControl "180+1"]
[Date "2022.02.08"]
[WhiteClock "0:00:16"]
[BlackClock "0:00:01"]

1. d4 Nf6 2. Nf3 c5 3. d5 g6 4. Nc3 d6 5. e4 Bg7 6. Bc4 O-O 7. O-O a6 8. a4 Bg4 9. h3 Bxf3 10. Qxf3 Nbd7 11. Qd1 Ne8 12. Re1 Nc7 13. a5 Ne5 14. Bf1 Rb8 15. Be3 b5 16. axb6 Rxb6 17. Ra2 f5 18. exf5 gxf5 19. f4 Ng6 20. Qh5 Qd7 21. Bd3 Nb5 22. Nd1 Nd4 23. Qg5 Qb7 24. c3 Nb5 25. Bxf5 Qxd5 26. Bxg6 Qxa2 27. Be4 Qf7 28. f5 Kh8 29. c4 Bf6 30. Qh6 Nd4 31. Bd5 Qg7 32. Qh5 Rb3 33. Bh6 Qg3 34. Re3 Rxe3 35. Nxe3 Rb8 36. Nf1 Qe1 37. Bf3 Nxf3+ 38. Qxf3 Rg8 39. Bd2 Qe5 40. Bc3 Rxg2+ 41. Kxg2 1-0


[Site "https://www.chess.com"]